 Dungeon Crawl Stone Soup version 0.31.0-9-g3a7656b989 (console) character file.

Game seed: 867620461831478440

50699 Ignak the Thaumaturge (level 14, -1/107 (109) HPs)
             Began as a Gnoll Air Elementalist on Feb 2, 2024.
             Was a High Priest of Sif Muna.
             Slain by a six-headed hydra (9 damage)
             ... on level 2 of the Lair of Beasts.
             The game lasted 01:10:03 (21931 turns).

Ignak the Thaumaturge (Gnoll Air Elementalist)     Turns: 21931, Time: 01:10:04

HP:   -1/107 (109)  AC:  8    Str:  9    XL:     14   Next: 56%
MP:   15/28         EV: 20    Int: 19    God:    Sif Muna [*****.]
Gold: 1464          SH:  6    Dex: 12    Spells: 3/34 levels left

rFire   + . .        a - +6 rapier {vamp, rC- SInv Stlth+}
rCold   x . .        K - +0 buckler
rNeg    . . .        z - +0 troll leather armour
rPois   .            R - +1 helmet {SInv}
rElec   .            P - scarf {repulsion}
rCorr   .            S - +0 pair of gloves
SInv    +            (no boots)
Will    +....        (no amulet)
Stlth   +++++        q - ring of protection from fire
HPRegen 1.17/turn    o - +5 ring of evasion
MPRegen 0.21/turn

%: repel missiles
@: lethally poisoned (-1 -> -5), swift, lightly drained, very quick
A: fangs 1, strong nose, distributed training
a: Renounce Religion, Channel Magic, Forget Spell, Divine Exegesis


You were on level 2 of the Lair of Beasts.
You worshipped Sif Muna.
Sif Muna was extremely pleased with you.
You visited 4 branches of the dungeon, and saw 17 of its levels.
You also visited: Sewer.

You collected 2226 gold pieces.
You spent 762 gold pieces at shops.

Inventory:

Hand Weapons
 a - the +6 rapier of the Five Moons (weapon) {vamp, rC- SInv Stlth+}
   (You bought it in a shop on level 2 of the Orcish Mines)

   rC-:       It makes you vulnerable to cold.
   SInv:      It lets you see invisible.
   Stlth+:    It makes you more stealthy.
 b - the +5 dagger "Mud Pie of Death" {heavy, *Corrode rPois Int+6 Dex+4 Stlth+}
   (You found it on level 6 of the Dungeon)

   Int+6:     It affects your intelligence (+6).
   Dex+4:     It affects your dexterity (+4).
   rPois:     It protects you from poison *Corrode: It may corrode you when you
   take damage.
   Stlth+:    It makes you more stealthy.
 J - the +4 morningstar of the Valley {venom, Fly rC++ rN+ SInv}
   (You bought it in a shop on level 2 of the Orcish Mines)

   rC++:      It greatly protects you from cold.
   rN+:       It protects you from negative energy.
   SInv:      It lets you see invisible.
   Fly:       It grants you flight.
 L - a +1 heavy hand cannon
Missiles
 y - 26 poisoned darts (quivered)
Armour
 g - a +0 leather armour of poison resistance
 z - a +0 troll leather armour (worn)
 B - a +1 robe of resistance
 G - a scarf of invisibility
 K - a +0 buckler (worn)
 P - a scarf of repulsion (worn)
 R - a +1 helmet of see invisible (worn)
 S - a +0 pair of gloves (worn)
Magical Staves
 t - a staff of air
Jewellery
 o - a +5 ring of evasion (right hand)
 q - a ring of protection from fire (left hand)
 u - a ring of flight
 V - a ring of wizardry
 W - a ring of magical power
Wands
 h - a wand of polymorph (17)
 s - a wand of mindburst (5)
 E - a wand of flame (64)
 O - a wand of charming (5)
 T - a wand of iceblast (8)
Scrolls
 d - 2 scrolls of revelation
 e - a scroll of poison {unknown}
 f - a scroll of enchant weapon
 i - 3 scrolls of vulnerability
 j - 3 scrolls of amnesia
 n - a scroll of teleportation
 w - 2 scrolls of fog
 U - 2 scrolls of fear
Potions
 c - 2 potions of ambrosia {unknown}
 k - 4 potions of curing
 l - a potion of invisibility {unknown}
 m - a potion of might
 p - a potion of berserk rage {unknown}
 r - 2 potions of cancellation {unknown}
 v - 3 potions of haste {unknown}
 x - a potion of attraction
 A - 3 potions of enlightenment
 C - a potion of lignification {unknown}
 D - a potion of heal wounds
 H - a potion of brilliance {unknown}
 I - a potion of magic
 N - 2 potions of mutation {unknown}
Miscellaneous
 F - a phantom mirror
 M - a condenser vane
 Q - a lightning rod (4/4)


   Skills:
 + Level 9.7 Fighting
 + Level 9.7 Short Blades
 + Level 9.7 Long Blades
 + Level 9.7 Axes
 + Level 9.7 Maces & Flails
 + Level 9.7 Polearms
 + Level 9.7 Staves
 + Level 9.7 Ranged Weapons
 + Level 9.7 Throwing
 + Level 9.7 Armour
 + Level 10.7 Dodging
 + Level 10.5 Stealth
 + Level 9.7 Shields
 + Level 9.7 Unarmed Combat
 + Level 10.9 Spellcasting
 + Level 8.4 Conjurations
 + Level 8.1 Hexes
 + Level 8.1 Summonings
 + Level 8.1 Necromancy
 + Level 8.1 Translocations
 + Level 8.1 Fire Magic
 + Level 8.1 Ice Magic
 + Level 9.8 Air Magic
 + Level 8.1 Earth Magic
 + Level 8.1 Alchemy
 + Level 10.5 Invocations
 + Level 9.7 Evocations
 + Level 8.8 Shapeshifting


You had 3 spell levels left.
You knew the following spells:

 Your Spells              Type           Power      Damage    Failure   Level
a - Shock                 Conj/Air       100%       1d9       1%          1
b - Swiftness             Air            47%        N/A       1%          3
c - Ensorcelled Hibernat  Hex/Ice        82%        N/A       1%          2
d - Airstrike             Air            23%        2d(4-20)  1%          4
e - Frozen Ramparts       Ice            82%        1d13      1%          3
f - Searing Ray           Conj           84%        2d7       1%          2
g - Call Imp              Summ           82%        N/A       1%          2
h - Fulminant Prism       Conj/Alch      20%        3d12      3%          4
i - Lee's Rapid Deconstr  Erth           20%        3d12*     12%         5
t - Passwall              Erth           41%        N/A       1%          3
z - Static Discharge      Conj/Air       90%        3-7/arc   1%          2

Your spell library contained the following spells:

 Spells                   Type           Power      Damage    Failure   Level
 Freeze                   Ice            100%       1d10      1%          1
 Magic Dart               Conj           100%       1d8       1%          1
 Sandblast                Erth           82%        2d17      1%          1
 Call Canine Familiar     Summ           41%        N/A       1%          3
 Sigil of Binding         Hex            41%        N/A       1%          3
 Stone Arrow              Conj/Erth      82%        3d12      1%          3
 Brom's Barrelling Bould  Conj/Erth      41%        2d6       3%          4
 Dimensional Bullseye     Hex/Tloc       20%        N/A       4%          4
 Leda's Liquefaction      Alch/Erth      20%        N/A       4%          4
 Petrify                  Alch/Erth      41%        N/A       4%          4
 Summon Blazeheart Golem  Fire/Summ      41%        N/A       4%          4
 Metabolic Englaciation   Hex/Ice        20%        N/A       12%         5
 Bombard                  Conj/Erth      20%        9d4       52%         6
 Orb of Destruction       Conj           21%        9d8       97%         7
 Spellforged Servitor     Conj/Summ      20%        N/A       97%         7
 Malign Gateway           Summ/Tloc      20%        N/A       98%         7


Dungeon Overview and Level Annotations

Branches:
Dungeon (11/15)            Temple (1/1) D:5            Lair (3/5) D:10
  Swamp (0/4) Lair:2          Orc (2/2) D:9             Elf (0/3) Orc:2
  Sewer (visited)
  Snake: Lair:2-3    Spider: Lair:2-3

Altars:
Ashenzari
Cheibriados
Dithmenos
Elyvilon
Fedhas
Gozag
Hepliaklqana
Kikubaaqudgha
Makhleb
Nemelex Xobeh
Okawaru
Qazlal
Ru
Sif Muna
Trog
Uskayaw
Vehumet
Wu Jian
Xom
Yredelemnul
Zin
The Shining One

Shops:
D:1 *(=   D:8 (!?=   D:9 ?   Orc:2 [((


Innate Abilities, Weirdness & Mutations

You have very sharp teeth.
Your uncanny sense of smell can sniff out nearby items.
Your experience applies equally to all skills.


Message History

The six-headed hydra closely misses you.
You block the six-headed hydra's attack.
You climb upwards.
There is a stone staircase leading down here.
Unknown command.
Casting: Ensorcelled Hibernation (safe; 1% risk of failure)
Confirm with . or Enter, or press ? or * to list all spells.
Aiming: Ensorcelled Hibernation (safe; 1% risk of failure)
Press: ? - help, Shift-Dir - straight line, f - water moccasin
Aim: a water moccasin (severely wounded, not susceptible)
Okay, then.
Unknown command.
Casting: Ensorcelled Hibernation (safe; 1% risk of failure)
Confirm with . or Enter, or press ? or * to list all spells.
You feel quick. The water moccasin barely misses you.
The six-headed hydra completely misses you.
The six-headed hydra bites you!
* * * LOW HITPOINT WARNING * * *
The six-headed hydra bites you!
* * * LOW HITPOINT WARNING * * *
The six-headed hydra closely misses you.
The six-headed hydra bites you.
* * * LOW HITPOINT WARNING * * *
The six-headed hydra misses you. You block the water moccasin's attack.
You block the water moccasin's attack. The water moccasin bites you.
* * * LOW HITPOINT WARNING * * *
You are poisoned.
The water moccasin poisons you!
You feel very sick.
The six-headed hydra attacks as it pursues you!
The six-headed hydra misses you. The six-headed hydra bites you!
* * * LOW HITPOINT WARNING * * *
You block the six-headed hydra's attack.
The six-headed hydra bites you but does no damage.
The six-headed hydra misses you. x2
You feel sick.
The six-headed hydra attacks as it pursues you!
The six-headed hydra bites you!
You die...

##..## ##......... #..#.#
#.##....... ##..###
###.###.... #..## #####
#.# #.#.. ###.P##
##.#P#########..
#...P.####.......#.#.....
##....##..............[##
#.....#.#.............#
######.@S.............#
###D.............#
##...>...[......##
##................P
#.................#
##................P
#...............##
#..............### ###
#P.............###


You could see a six-headed hydra and a water moccasin.

Vanquished Creatures
  Jorgrun (Orc:1)
  Gastronok (Lair:1)
  A dire elephant (Lair:1)
  Erolcha (Orc:2)
  An ogre mage (Orc:1)
  A ghost crab (Lair:2)
  The ghost of kalagan the Thaumaturge, a journeyman DECj of Sif Muna (Lair:1)
  The ghost of beef the Toxicologist, a journeyman DECj of Sif Muna (Lair:1)
  8 two-headed ogres
  Erica (D:10)
  3 death yaks (Lair:1)
  4 orc high priests (Orc:2)
  Amaemon (Lair:1)
  6 orc knights
  A lindwurm (Lair:1)
  Pikel (D:6)
  4 orc sorcerers
  Maurice (D:8)
  A cyclops (Orc:2)
  2 elephants (Lair:1)
  2 black mambas (Lair:1)
  6 kobold blastminers
  The ghost of mrks the Cutter, a novice VSFi (D:5)
  An orange demon (Lair:1)
  5 cane toads
  Maggie (D:10)
  2 rime drakes (Lair:1)
  A komodo dragon (Lair:2)
  5 trolls (Orc:2)
  4 blink frogs
  Sigmund (D:4)
  A shadow (D:10)
  A vampire (D:10)
  2 wraiths
  31 yaks
  2 spectral komodo dragons (Lair:2)
  4 wyverns
  5 steam dragons
  3 wargs
  A basilisk (Lair:2)
  4 acid dragons
  Edmund (D:5)
  6 water moccasins
  A sky beast (D:5)
  2 ice beasts
  6 black bears
  43 orc warriors
  11 ogres
  5 centaurs
  8 wolves
  A lemure (D:6)
  2 phantoms
  5 kobold brigands
  10 bullfrogs
  2 scorpions
  5 killer bees (D:9)
  A howler monkey (D:7)
  A crimson imp (D:5)
  2 bombardier beetles (D:5)
  2 hounds
  A jelly (D:6)
  30 orc priests
  2 gnoll boudas
  A sleepcap (D:5)
  8 iguanas
  23 orc wizards
  9 gnolls
  10 adders
  A river rat (Sewer)
  6 white imps
  2 ufetubi (D:6)
  3 dart slugs
  4 ribbon worms
  92 orcs
  6 endoplasms
  6 giant cockroaches
  11 goblins
  5 hobgoblins
  11 jackals
  12 kobolds
  A quokka (D:4)
  5 ball pythons
  9 bats
  6 frilled lizards
  12 rats
514 creatures vanquished.

Vanquished Creatures (collateral kills)
  2 orc warlords (Orc:2)
  3 orc warriors (Orc:2)
  5 orcs
10 creatures vanquished.

Vanquished Creatures (others)
  2 eldritch tentacles (Orc:2)
  A wyvern (Lair:2)
  A killer bee (D:9)
  5 fulminant prisms
9 creatures vanquished.

Grand Total: 533 creatures vanquished

Notes
Turn   | Place    | Note
-------+----------+-------------------------------------------
     0 | D:1      | Ignak the Gnoll Air Elementalist began the quest for the
                  | Orb.
     0 | D:1      | Reached XP level 1. HP: 13/13 MP: 6/6
    35 | D:1      | Reached XP level 2. HP: 18/19 MP: 1/7
   208 | D:1      | Found Pozyl's Antique Weapon Shoppe.
   262 | D:1      | Found Jiesuam's Assorted Antiques.
   465 | D:1      | Reached skill level 5 in Spellcasting
   465 | D:1      | Reached XP level 3. HP: 23/25 MP: 7/9
   635 | D:1      | Found Karhun's Jewellery Boutique.
   866 | D:2      | Found a shimmering blue altar of Sif Muna.
   885 | D:2      | Learned a level 2 spell: Searing Ray
   888 | D:2      | Learned a level 2 spell: Static Discharge
   892 | D:2      | Learned a level 3 spell: Swiftness
   938 | D:2      | Reached skill level 1 in Invocations
   954 | D:2      | Reached skill level 1 in Fighting
   954 | D:2      | Reached skill level 1 in Short Blades
   954 | D:2      | Reached skill level 1 in Long Blades
   954 | D:2      | Reached skill level 1 in Axes
   954 | D:2      | Reached skill level 1 in Maces & Flails
   954 | D:2      | Reached skill level 1 in Polearms
   954 | D:2      | Reached skill level 1 in Staves
   954 | D:2      | Reached skill level 1 in Ranged Weapons
   954 | D:2      | Reached skill level 1 in Throwing
   954 | D:2      | Reached skill level 1 in Armour
   954 | D:2      | Reached skill level 1 in Shields
   954 | D:2      | Reached skill level 1 in Unarmed Combat
   954 | D:2      | Reached skill level 1 in Evocations
  1154 | D:2      | Reached skill level 1 in Shapeshifting
  1154 | D:2      | Reached XP level 4. HP: 31/32 MP: 11/11
  1272 | D:2      | Found a faded altar of an unknown god.
  1280 | D:2      | Got Plato's Directory of the Icicle
  1474 | D:2      | Learned a level 3 spell: Passwall
  1477 | D:2      | Learned a level 2 spell: Ensorcelled Hibernation
  2003 | D:3      | Reached skill level 1 in Hexes
  2003 | D:3      | Reached skill level 1 in Summonings
  2003 | D:3      | Reached skill level 1 in Necromancy
  2003 | D:3      | Reached skill level 1 in Translocations
  2003 | D:3      | Reached skill level 1 in Fire Magic
  2003 | D:3      | Reached skill level 1 in Ice Magic
  2003 | D:3      | Reached skill level 1 in Earth Magic
  2003 | D:3      | Reached skill level 1 in Alchemy
  2152 | D:3      | Found a faded altar of an unknown god.
  2155 | D:3      | Found a shimmering blue altar of Sif Muna.
  2357 | D:3      | Reached XP level 5. HP: 31/37 MP: 5/12
  2822 | D:4      | Found a hazy altar of Hepliaklqana.
  2822 | D:4      | Found a sacrificial altar of Ru.
  2822 | D:4      | Found a hide-covered altar of Uskayaw.
  2823 | D:4      | Found an ornate altar of the Wu Jian Council.
  2825 | D:4      | Noticed Sigmund
  2885 | D:4      | Killed Sigmund
  2886 | D:4      | Reached skill level 5 in Dodging
  2886 | D:4      | Reached XP level 6. HP: 33/44 MP: 3/14
  2990 | D:4      | Found a broken altar of Ashenzari.
  3106 | D:4      | Noticed an ice beast
  3118 | D:4      | Killed an ice beast
  3119 | D:4      | Reached XP level 7. HP: 24/51 MP: 7/15
  3249 | D:4      | Found a radiant altar of Vehumet.
  3320 | D:5      | Entered Level 5 of the Dungeon
  3320 | D:5      | Found a large runed translucent door.
  3320 | D:5      | Found a large runed translucent door.
  3325 | D:5      | Noticed mrks's ghost (novice VSFi)
  3375 | D:5      | Reached skill level 5 in Stealth
  3494 | D:5      | Found a glowing drain.
  3514 | Sewer    | Entered a sewer
  3673 | Sewer    | Reached XP level 8. HP: 48/58 MP: 3/16
  3724 | Sewer    | Found a glowing silver altar of Zin.
  4011 | D:5      | Found a staircase to the Ecumenical Temple.
  4138 | Temple   | Entered the Ecumenical Temple
  4617 | D:3      | Became a worshipper of Sif Muna the Loreminder
  4853 | D:4      | Learned a level 4 spell: Airstrike
  5070 | D:5      | Killed mrks's ghost
  5071 | D:5      | Reached XP level 9. HP: 53/65 MP: 3/18
  5242 | D:5      | Found a blossoming altar of Fedhas.
  5264 | D:5      | HP: 2/65 [sleepcap (2)]
  5547 | D:5      | Noticed Edmund
  5553 | D:5      | Killed Edmund
  5610 | D:5      | Found a shimmering altar of Xom.
  5610 | D:5      | Found a burning altar of Makhleb.
  6338 | D:6      | Reached * piety under Sif Muna
  6344 | D:6      | Reached skill level 5 in Invocations
  6481 | D:6      | Identified the +5 dagger "Mud Pie of Death" {heavy,
                  | *Corrode rPois Int+6 Dex+4 Stlth+}
  6765 | D:6      | Noticed Pikel
  6774 | D:6      | Killed Pikel
  7296 | D:6      | Found a sparkling altar of Nemelex Xobeh.
  7716 | D:7      | Reached skill level 5 in Fighting
  7716 | D:7      | Reached skill level 5 in Short Blades
  7716 | D:7      | Reached skill level 5 in Long Blades
  7716 | D:7      | Reached skill level 5 in Axes
  7716 | D:7      | Reached skill level 5 in Maces & Flails
  7716 | D:7      | Reached skill level 5 in Polearms
  7716 | D:7      | Reached skill level 5 in Staves
  7716 | D:7      | Reached skill level 5 in Ranged Weapons
  7716 | D:7      | Reached skill level 5 in Throwing
  7716 | D:7      | Reached skill level 5 in Armour
  7716 | D:7      | Reached skill level 5 in Shields
  7716 | D:7      | Reached skill level 5 in Unarmed Combat
  7716 | D:7      | Reached skill level 5 in Evocations
  7716 | D:7      | Reached XP level 10. HP: 67/74 MP: 12/20
  7793 | D:7      | Identified the +4 orcbow of Distant Worlds {speed, rElec
                  | rC++ Str-2 Int+4}
  7893 | D:7      | Learned a level 3 spell: Frozen Ramparts
  8578 | D:8      | Reached ** piety under Sif Muna
  8716 | D:8      | Found Duczij's Antique Weapon Shoppe.
  8732 | D:8      | Reached skill level 5 in Conjurations
  8926 | D:8      | Noticed Maurice
  8933 | D:8      | Maurice stole an amulet of faith
  8953 | D:8      | Something stole a +4 flail of protection
  8954 | D:8      | Something stole 18 poisoned darts
  8955 | D:8      | Something stole 109 gold
  8977 | D:8      | Killed Maurice
  8978 | D:8      | Reached skill level 5 in Shapeshifting
  9107 | D:8      | Got the Discourse on Leadership
  9154 | D:8      | Found Ikkeul's Magic Scroll Emporium.
  9158 | D:8      | Learned a level 2 spell: Call Imp
  9235 | D:8      | Found a glowing silver altar of Zin.
  9263 | D:8      | Found Vasorai's Distillery.
  9439 | D:8      | Found Umiw's Jewellery Shop.
  9461 | D:8      | Found an opulent altar of Gozag.
  9746 | D:9      | Noticed a two-headed ogre
  9759 | D:9      | Killed a two-headed ogre
  9854 | D:9      | Found Acrel's Magic Scroll Shop.
  9880 | D:9      | Identified 2 scrolls of acquirement
 10063 | D:9      | Acquired 258 gold pieces
 10064 | D:9      | Acquired 533 gold pieces
 10118 | D:9      | Reached skill level 5 in Hexes
 10118 | D:9      | Reached skill level 5 in Summonings
 10118 | D:9      | Reached skill level 5 in Necromancy
 10118 | D:9      | Reached skill level 5 in Translocations
 10118 | D:9      | Reached skill level 5 in Fire Magic
 10118 | D:9      | Reached skill level 5 in Ice Magic
 10118 | D:9      | Reached skill level 5 in Earth Magic
 10118 | D:9      | Reached skill level 5 in Alchemy
 10124 | D:9      | Reached *** piety under Sif Muna
 10135 | D:9      | Reached XP level 11. HP: 41/81 MP: 9/22
 10362 | D:9      | Found a glowing golden altar of the Shining One.
 10521 | D:9      | Identified the +1 mace of Ignis's Outrage {drain, *Corrode
                  | Int+6}
 10686 | D:9      | Found a snail-covered altar of Cheibriados.
 10774 | D:9      | Found a staircase to the Orcish Mines.
 10787 | Orc:1    | Entered Level 1 of the Orcish Mines
 10803 | Orc:1    | Noticed an orc sorcerer
 10811 | Orc:1    | Noticed a sun demon
 10813 | Orc:1    | Noticed a sixfirhy
 10814 | Orc:1    | Killed an orc sorcerer
 11012 | Orc:2    | Entered Level 2 of the Orcish Mines
 11297 | Orc:2    | Noticed Jorgrun
 11298 | Orc:2    | Noticed a two-headed ogre
 11298 | Orc:2    | Noticed a two-headed ogre
 11301 | Orc:2    | Noticed Erolcha
 11302 | Orc:2    | Noticed a two-headed ogre
 11540 | Orc:1    | Noticed a two-headed ogre
 11543 | Orc:1    | Noticed a two-headed ogre
 11544 | Orc:1    | Noticed a two-headed ogre
 11548 | Orc:1    | Noticed a two-headed ogre
 11562 | Orc:1    | Killed a two-headed ogre
 11590 | Orc:1    | Noticed an ogre mage
 11591 | Orc:1    | Killed a two-headed ogre
 11615 | Orc:1    | Killed a two-headed ogre
 11622 | Orc:1    | Killed an ogre mage
 11635 | Orc:1    | Killed a two-headed ogre
 11797 | Orc:1    | Reached **** piety under Sif Muna
 12580 | Orc:2    | Noticed an orc knight
 12581 | Orc:2    | Found Wopotirule's Antique Weapon Emporium.
 12650 | Orc:2    | Killed an orc knight
 12651 | Orc:2    | Reached XP level 12. HP: 44/91 MP: 20/24
 12909 | Orc:2    | Found Aryjiadd's Antique Weapon Shoppe.
 13181 | Orc:2    | Bought a scorched rapier for 234 gold pieces
 13181 | Orc:2    | Identified the +6 rapier of the Five Moons {vamp, rC- SInv
                  | Stlth+} (You bought it in a shop on level 2 of the Orcish
                  | Mines)
 13186 | Orc:2    | Bought a bloodstained morningstar for 234 gold pieces
 13186 | Orc:2    | Identified the +4 morningstar of the Valley {venom, Fly
                  | rC++ rN+ SInv} (You bought it in a shop on level 2 of the
                  | Orcish Mines)
 13959 | Orc:1    | Killed a two-headed ogre
 14029 | Orc:2    | Killed a two-headed ogre
 14473 | Orc:1    | HP: 2/91 [Jorgrun/blast of rock fragments (28)]
 14736 | Orc:1    | Killed Jorgrun
 14919 | Orc:2    | Killed Erolcha
 15049 | Orc:2    | Killed a two-headed ogre
 15164 | Orc:2    | Noticed an orc warlord
 15362 | Orc:2    | Killed an orc warlord
 15554 | Orc:2    | Reached XP level 13. HP: 42/98 MP: 6/26
 15686 | Orc:2    | Identified the +0 chain mail "Nirr" {Int+4 SInv}
 16197 | Orc:2    | Noticed an orc warlord
 16206 | Orc:2    | Killed an orc warlord
 16415 | Orc:2    | Found Barphi's General Store.
 16504 | Orc:2    | Found Lemunov's Armour Shoppe.
 16522 | Orc:2    | Found a staircase to the Elven Halls.
 16898 | Orc:2    | Reached skill level 10 in Spellcasting
 17009 | Orc:2    | Learned a level 4 spell: Fulminant Prism
 17046 | Orc:2    | Bought a +1 helmet of see invisible for 231 gold pieces
 17628 | Orc:2    | Bought a +0 pair of gloves for 63 gold pieces
 17737 | D:10     | Entered Level 10 of the Dungeon
 17768 | D:10     | Found a staircase to the Lair.
 17819 | D:10     | Noticed Erica
 17844 | D:10     | Killed Erica
 17963 | D:10     | Reached skill level 10 in Dodging
 18016 | D:10     | Noticed Maggie
 18020 | D:10     | Killed Maggie
 18227 | D:10     | Found a bloodstained altar of Trog.
 18610 | Lair:1   | Entered Level 1 of the Lair of Beasts
 18622 | Lair:1   | Reached ***** piety under Sif Muna
 18656 | Lair:1   | Reached skill level 10 in Stealth
 18664 | Lair:1   | Noticed Gastronok
 18674 | Lair:1   | Killed Gastronok
 18837 | Lair:1   | Identified the +0 plate armour of Wuth {-Tele rF++}
 18980 | Lair:1   | Noticed Amaemon
 19001 | Lair:1   | Killed Amaemon
 19002 | Lair:1   | Reached skill level 10 in Invocations
 19002 | Lair:1   | Reached XP level 14. HP: 16/108 MP: 6/28
 19143 | Lair:1   | Found a runed translucent gate.
 19169 | Lair:1   | Found a runed translucent gate.
 19170 | Lair:1   | Found a runed translucent gate.
 19405 | Lair:1   | Noticed a dire elephant
 19430 | Lair:1   | Found a runed translucent door.
 19550 | Lair:1   | Killed a dire elephant
 19717 | Lair:1   | Identified the +4 war axe of Cruel Justice {flame, Int+3}
 19731 | Lair:1   | Learned a level 5 spell: Lee's Rapid Deconstruction
 19938 | Lair:1   | Noticed kalagan's ghost (journeyman DECj)
 19938 | Lair:1   | Noticed beef's ghost (journeyman DECj)
 20056 | Lair:1   | Killed beef's ghost
 20160 | Lair:1   | Killed kalagan's ghost
 20495 | Lair:2   | Found an ornate altar of the Wu Jian Council.
 20883 | Lair:2   | Identified the +8 plate armour of the Blind Marksman
                  | {Str+2}
 21378 | Lair:2   | Found a staircase to the Swamp.
 21931 | Lair:2   | Slain by a six-headed hydra

Illustrated notes

Levels and vault maps discovered:
D:1:      dpeg_arrival_long_road, layout_loops_cross, serial_shops,
          nicolae_diamond_shop, nicolae_shop_peninsula, shop,
          minmay_misc_feat_chi, minmay_heptomino_w4
D:2:      layout_basic, basic_altar, shapermc_ecumenical_altar_rom_forum,
          dreamdust_princess_corridor, minmay_fractal_squares_5
D:3:      layout_loops_ring, nicolae_overflow_ecumenical_swirl, serial_glass,
          glass_columns_a, glass_columns_b
D:4:      layout_basic, lemuel_doored_altar, fiery_altar_vehumet,
          chequers_temple_overflow_statue_of_worship, uniq_sigmund
D:5:      layout_loops_ring, grunt_temple_overflow_champion_of_chaos,
          fedhas_bush_and_centaur_altar, minmay_temple_entry_waves,
          ebering_ghost_disaster_area, portal_sewer_entry_d, uniq_edmund
D:6:      layout_layer_cave, nemelex_spade_bored_becter, uniq_pikel
D:7:      layout_basic
D:8:      layout_gridville, pdpol_temple_overflow_zin_treasury_gozag_greed,
          serial_shops, shop, nicolae_shop_behind_doors,
          nicolae_shop_waterfront, shop, uniq_maurice
D:9:      layout_cave_pools, lemuel_coloured_pillars_altar,
          nicolae_tso_swordbearing_angel, david_orc_4, serial_shops,
          nicolae_shop_competitors_out_of_business, minmay_misc_feat_rows,
          hangedman_decor_opposing
D:10:     layout_gridville, trog_antimagical, due_lair_maze_entry_diamond,
          hangedman_decor_peaks_small, uniq_erica, uniq_maggie
D:11:     layout_basic
Temple:   nicolae_temple_ecumenical_triangle
Lair:1:   gammafunk_lair_enchanted_lake, layout_cellular_growth,
          gammafunk_ghost_cemetery, serial_bayou_shore_b, serial_bayou_shore_a,
          uniq_gastronok, uniq_amaemon
Lair:2:   layout_cave_pods, nicolae_swamp_entry_spooky, basic_altar,
          chequers_serial_rivers_micro_e, ldierk_geyser
Lair:3:   onia_ninara_swampy_vault, layout_gridlike, alex1729_snake_entry_snake,
          hellmonk_talismancer, uniq_nergalle, uniq_sonja, uniq_nessos
Orc:1:    layout_caves
Orc:2:    pubby_orc_utopia, serial_shops, uniq_jorgrun, uniq_erolcha

Skill      XL: |  1  2  3  4  5  6  7  8  9 10 11 12 13 14 |
---------------+-------------------------------------------+-----
Conjurations   | 2 3 4 5 6 7 8 |  8.4
Spellcasting   | 5 6 7 8 9 10 | 10.9
Invocations    | 1 2 3 4 5 6 7 8 10 | 10.5
Fighting       | 1 2 3 4 5 6 7 8 9 |  9.7
Short Blades   | 1 2 3 4 5 6 7 8 9 |  9.7
Long Blades    | 1 2 3 4 5 6 7 8 9 |  9.7
Axes           | 1 2 3 4 5 6 7 8 9 |  9.7
Maces & Flails | 1 2 3 4 5 6 7 8 9 |  9.7
Polearms       | 1 2 3 4 5 6 7 8 9 |  9.7
Staves         | 1 2 3 4 5 6 7 8 9 |  9.7
Ranged Weapons | 1 2 3 4 5 6 7 8 9 |  9.7
Throwing       | 1 2 3 4 5 6 7 8 9 |  9.7
Armour         | 1 2 3 4 5 6 7 8 9 |  9.7
Shields        | 1 2 3 4 5 6 7 8 9 |  9.7
Unarmed Combat | 1 2 3 4 5 6 7 8 9 |  9.7
Evocations     | 1 2 3 4 5 6 7 8 9 |  9.7
Shapeshifting  | 1 2 3 4 5 6 7 8 |  8.8
Hexes          | 1 2 3 4 5 6 7 8 |  8.1
Summonings     | 1 2 3 4 5 6 7 8 |  8.1
Necromancy     | 1 2 3 4 5 6 7 8 |  8.1
Translocations | 1 2 3 4 5 6 7 8 |  8.1
Fire Magic     | 1 2 3 4 5 6 7 8 |  8.1
Ice Magic      | 1 2 3 4 5 6 7 8 |  8.1
Earth Magic    | 1 2 3 4 5 6 7 8 |  8.1
Alchemy        | 1 2 3 4 5 6 7 8 |  8.1
Dodging        | 5 6 7 8 9 10 | 10.7
Stealth        | 5 6 7 8 9 10 | 10.5
Air Magic      | 6 7 8 9 |  9.8

Action                     |  1- 3 |  4- 6 |  7- 9 | 10-12 | 13-15 || total
---------------------------+-------+-------+-------+-------+-------++-------
  Melee: Unarmed           |    27 |       |       |       |       ||    27
         Short sword       |    51 |    59 |    77 |       |       ||   187
         War axe           |     5 |       |       |       |       ||     5
         Bite              |     1 |     7 |    13 |    34 |    75 ||   130
         Punch             |     1 |     2 |     3 |       |       ||     6
         Flail             |       |       |    53 |       |       ||    53
         Dagger            |       |       |    27 |   264 |   332 ||   623
         Rapier            |       |       |       |    16 |   129 ||   145
         Morningstar       |       |       |       |       |    46 ||    46
   Fire: Hand cannon       |       |       |       |     8 |       ||     8
  Throw: Dart              |       |       |     1 |    11 |     1 ||    13
   Cast: Shock             |    25 |     3 |     6 |       |       ||    34
         Searing Ray       |     1 |     7 |    31 |     8 |     3 ||    50
         Ensorcelled Hiber |       |     3 |    15 |    79 |    74 ||   171
         Swiftness         |       |       |     3 |    13 |     6 ||    22
         Airstrike         |       |       |     7 |    18 |    45 ||    70
         Frozen Ramparts   |       |       |       |    26 |    26 ||    52
         Static Discharge  |       |       |       |    10 |     3 ||    13
         Call Imp          |       |       |       |     5 |     6 ||    11
         Malign Gateway    |       |       |       |     1 |     1 ||     2
         Fulminant Prism   |       |       |       |       |     5 ||     5
 Invoke: Divine Exegesis   |       |       |       |     1 |     1 ||     2
  Evoke: Wand              |       |     1 |     5 |     3 |     1 ||    10
         Lightning rod     |       |       |       |     3 |     5 ||     8
         Phantom mirror    |       |       |       |       |     2 ||     2
    Use: Scroll            |       |       |     6 |     8 |     4 ||    18
         Potion            |       |       |     1 |     2 |     4 ||     7
   Stab: Sleeping          |     4 |     7 |    19 |    42 |    51 ||   123
         Distracted        |       |       |       |     2 |     4 ||     6
 Armour: Robe              |    41 |    21 |    89 |       |       ||   151
         Steam dragon scal |       |       |    46 |   235 |     3 ||   284
         Troll leather arm |       |       |       |       |   283 ||   283
  Dodge: Dodged            |    86 |    42 |   208 |   272 |   421 ||  1029
         Repelled          |       |       |       |       |     2 ||     2
  Block: Buckler           |       |       |     3 |   130 |   191 ||   324
